 Dungeon Crawl Stone Soup version 0.31-a0-1074-g0b22e4e0f1 (webtiles) character file.

Game seed: 13812870292202189451

0 IsekaiLord the Trooper (level 1, 0/14 HPs)
             Began as a Gargoyle Monk on Nov 27, 2023.
             Slain by a ball python (2 damage)
             ... on level 1 of the Dungeon.
             The game lasted 00:00:24 (32 turns).

IsekaiLord the Trooper (Gargoyle Monk)                Turns: 32, Time: 00:00:25

Health: 0/14       AC:  4    Str: 14    XL:     1   Next: 10%
Magic:  1/1        EV:  9    Int: 10    God:
Gold:   0          SH:  0    Dex: 12    Spells: 0/0 levels left

rFire   . . .        a - +0 mace
rCold   . . .        d - orb {light}
rNeg    + . .        b - +0 robe
rPois   ∞            (no helmet)
rElec   +            (no cloak)
rCorr   .            (no gloves)
SInv    .            (no boots)
Will    .....        (no amulet)
Stlth   +            (no ring)
HPRegen 0.22/turn    (no ring)
MPRegen 0.07/turn

%: no passive effects
@: glowing, constricted
A: sickness immunity, AC +2, negative energy resistance 1, electricity
resistance, torment resistance 1, petrification resistance
a: no special abilities


You were on level 1 of the Dungeon.
You visited 1 branch of the dungeon, and saw 1 of its levels.

Inventory:

Hand Weapons
 a - a +0 mace (weapon)
Armour
 b - a +0 robe (worn)
 d - an orb of light (worn)
Scrolls
 e - a scroll of enchant armour {unknown}
Potions
 c - a potion of ambrosia


   Skills:
 + Level 3.3 Fighting
 + Level 3.0 Maces & Flails
 + Level 2.4 Dodging


You couldn't memorise any spells.
You didn't know any spells.
Your spell library was empty.

Dungeon Overview and Level Annotations

Branches:
Dungeon (1/15)

Altars:


Innate Abilities, Weirdness & Mutations

You are immune to sickness and miasma.
Your stone body is resilient. (AC +2)
You are immune to poison.
You resist negative energy. (rN+)
You are resistant to electric shocks. (rElec)
You are resistant to unholy torment.
You are immune to petrification.


Message History

Welcome, IsekaiLord the Gargoyle Monk.
The incredible Orb of Zot lies far below, as if waiting for you to find it.
Press ? for a list of commands and other information.
Found a scroll labelled IWAFRE QOZA.
Found a staircase leading out of the dungeon.
You enter the shallow water.
Moving in this stuff is going to be slow.
e - a scroll labelled IWAFRE QOZA You open the door.
An endoplasm and a kobold come into view.
The endoplasm quivers.
Found 14 gold pieces.
A ball python and a kobold come into view.
The ball python hisses angrily.
The kobold shouts!
There is an open door here.
You hit the kobold but do no damage. The ball python bites you.
The ball python misses you.
A goblin comes into view. It is wielding a +0 dagger.
The endoplasm freezes you.
You are frozen.
The kobold closely misses you. The kobold hits you with a +0 dagger.
The ball python barely misses you. x2
The endoplasm freezes you.
You are frozen.
You barely miss the kobold.
The ball python bites you but does no damage.
The ball python grabs you. The ball python constricts you.
* * * LOW HITPOINT WARNING * * *
The kobold hits you but does no damage. The endoplasm hits you.
* * * LOW HITPOINT WARNING * * *
You hit the kobold.
You kill the kobold!
The ball python bites you but does no damage.
The ball python constricts you. The endoplasm closely misses you.
The ball python bites you but does no damage.
The ball python constricts you.
You hit the kobold.
You kill the kobold!
The endoplasm hits you but does no damage.
The ball python bites you.
You die...

....... ....... ##~#
....... ...≈. .......
### ..~.. ....... ...
.≈~~~. #...... #.#
~~~~..~ #....$J####.#
.....~~
#...g.)@.##.######....≈~
#.....S#.##......###.~~≈
.......#.##.##....#.~~≈≈
.......#....###..##..~≈~
.......###### ###.###.~.
....... #..#.... .......
##...... ....... ###....
#..####


You could see an endoplasm, a goblin and a ball python.

Vanquished Creatures
  2 kobolds (D:1)
2 creatures vanquished.

Notes
Turn   | Place    | Note
-------+----------+-------------------------------------------
     0 | D:1      | IsekaiLord the Gargoyle Monk began the quest for the Orb.
     0 | D:1      | Reached XP level 1. HP: 14/14 MP: 1/1
    32 | D:1      | Slain by a ball python

Illustrated notes

Levels and vault maps discovered:
D:1:      dpeg_arrival_subterranean_lakeside_camping, layout_basic,
          serial_shops, shop, shapermc_ecumenical_altar_petra

Action                     || total
---------------------------++-------
  Melee: Mace              ||     4
 Armour: Robe              ||     9
  Dodge: Dodged            ||     5

Table legend: (Time is in decaauts)
 A = Elapsed time spent in this place.
 B = Non-inter-level travel time spent in this place.
 C = Inter-level travel time spent in this place.
 D = Time resting spent in this place.
 E = Time spent auto-exploring this place.
 F = Levels seen in this place.
 G = Mean time per level.
                   A        B        C        D        E       F      G
               +--------+--------+--------+--------+--------+-----+--------+
         Total |     34 |      7 |     27 |      0 |      0 |   1 |   34.0 |
       Dungeon |     34 |      7 |     27 |      0 |      0 |   1 |   34.0 |
               +--------+--------+--------+--------+--------+-----+--------+

Top non-repeatable levels by time:
     D:1: 34 daAuts
